Influenza vs Mustangs
(R3)
Created - June 1, 2018 at 08:05
Goals
|
| Influenza |
2 |
0 |
0 |
2 |
| Mustangs |
1 |
2 |
4 |
7 |
|
Shots
|
| Influenza |
10 |
8 |
4 |
22 |
| Mustangs |
9 |
13 |
16 |
38 |
|
1st period
1. Influenza , T.J Galiardi 9 (Dmitry Sinitsyn 5, Alex Stalock) at 1:26
2. Influenza , Matt Corrente 2 (Iiro Pakarinen 6, Lane MacDermid 13) at 12:17
3. Mustangs , Josh Jooris 6 (Marcus Foligno 17, Riley Sheahan 19) at 17:34
Penalties :
Tomas Tatar (Ham) for Hooking (Minor) at 3:20, Lane MacDermid (VJB) for Holding (Minor) at 5:30, Mathieu Carle (VJB) for High sticking (Minor) at 9:20, Andrew Shaw (Ham) for Hooking (Minor) at 18:37
2nd period
4. Mustangs , Francis Paré 3 (Rick Schofield 7) at 2:22
5. Mustangs , Scott Mayfield 1 (Joshua Leivo 6, Jerome Samson 4) at 6:48
Penalties :
Mark Scheifele (VJB) for High sticking (Minor) at 2:52, Josh Jooris (Ham) for Hooking (Minor) at 7:16, T.J Galiardi (VJB) for Elbowing (Minor) at 8:55
3rd period
6. Mustangs , Marcus Foligno 21 (Josh Jooris 23, Riley Sheahan 20) at 1:19
7. Mustangs , Riley Sheahan 17 (Josh Jooris 24, Marcus Foligno 18) at 4:50 (PP)
8. Mustangs , Tomas Tatar 9 (Denis Bodrov 11, Mika Zibanejad 14) at 5:29 (PP)
9. Mustangs , Francis Paré 4 (Rick Schofield 8, Scott Mayfield 1) at 17:30
Penalties :
Dmitry Sinitsyn (VJB) for Roughing (Minor) at 4:03, Matt Corrente (VJB) for High sticking (Minor) at 4:36, Andreas Athanasiou (Ham) for Hooking (Minor) at 8:17, Mark Olver (VJB) for High sticking (Minor) at 15:03, Andrew Shaw (Ham) for Hooking (Minor) at 18:41
Goalie Stats
Alex Stalock (VJB), 31 saves from 38 shots - (0.816), L, 5-3-1, 60:00 minutes
Chet Pickard (Ham), 20 saves from 22 shots - (0.909), W, 3-3-0, 60:00 minutes
Players Stats for Influenza
Player Name G A P +/- PIM S H SB GA TA FO MP PP MP PK MP
------------------------------------------------------------------------------------
Beau Bennett 0 0 0 -1 0 2 3 1 0 0 1/1 16:08 3:55 1:49
Charlie Coyle 0 0 0 -1 0 1 2 0 0 0 11/23 21:13 3:55 6:27
Dmitry Sinitsyn 0 1 1 -1 2 1 0 0 0 0 0/0 10:31 0:43 0:00
Garnet Hathaway 0 0 0 0 0 0 1 0 0 0 0/0 13:16 0:55 3:32
Iiro Pakarinen 0 1 1 -1 0 0 0 0 0 0 0/0 6:49 0:11 0:00
Jeff May 0 0 0 1 0 0 0 0 0 0 0/0 22:07 3:05 5:32
Jeremy Morin 0 0 0 -1 0 2 2 3 0 0 1/3 25:11 4:04 6:13
Jimmy Vesey 0 0 0 -1 0 3 0 1 0 0 0/0 14:05 3:55 0:00
Johan Larsson 0 0 0 -1 0 0 1 0 0 0 0/0 7:23 0:21 0:28
Jordan Schroeder 0 0 0 -1 0 0 0 0 0 0 2/3 7:06 0:54 0:00
Lane MacDermid 0 1 1 0 2 0 0 0 0 1 0/0 9:36 0:55 0:34
Mark Olver 0 0 0 0 2 1 2 0 0 0 2/5 8:36 0:12 0:00
Mark Scheifele 0 0 0 -1 2 3 4 0 1 0 9/25 21:14 4:04 2:45
Mathieu Carle 0 0 0 -2 2 1 2 1 0 0 0/0 14:16 3:32 2:26
Matt Corrente 1 0 1 0 2 3 5 1 1 1 0/0 29:23 4:12 6:21
Oskars Bartulis 0 0 0 -2 0 0 1 3 0 1 0/0 15:44 1:16 1:21
T.J Galiardi 1 0 1 -1 2 5 0 0 1 0 0/2 19:03 4:03 0:00
Tim Erixon 0 0 0 -2 0 0 4 2 0 2 0/0 26:15 4:17 6:21
Players Stats for Mustangs
Player Name G A P +/- PIM S H SB GA TA FO MP PP MP PK MP
------------------------------------------------------------------------------------
Alexei Marchenko 0 0 0 4 0 1 0 1 0 0 0/0 11:17 0:00 0:42
Andreas Athanasiou 0 0 0 1 2 1 0 0 0 0 4/5 10:36 0:02 0:00
Andrew Shaw 0 0 0 -1 4 0 3 0 0 0 0/0 16:18 4:43 0:00
Cameron Gaunce 0 0 0 -2 0 1 2 2 0 1 0/0 29:26 7:26 5:01
Curtis Hamilton 0 0 0 1 0 0 1 0 0 0 0/0 6:32 0:00 0:07
Denis Bodrov 0 1 1 1 0 0 0 1 0 0 0/0 18:39 3:35 3:11
Derek Joslin 0 0 0 -2 0 7 2 3 0 0 0/0 29:26 7:26 5:01
Francis Paré 2 0 2 1 0 3 0 0 1 0 0/0 6:22 0:00 0:00
Jerome Samson 0 1 1 1 0 1 0 0 0 0 0/0 10:34 0:02 0:00
Josh Jooris 1 2 3 2 2 4 0 0 0 0 1/2 17:58 6:16 0:00
Joshua Leivo 0 1 1 1 0 3 0 0 0 1 0/0 11:31 0:02 0:51
Marcus Foligno 1 2 3 2 0 5 1 1 0 0 1/1 24:39 6:16 5:25
Mark Pysyk 0 0 0 1 0 1 4 1 0 0 0/0 18:39 3:35 3:11
Mika Zibanejad 0 1 1 -1 0 1 1 0 1 0 4/8 16:03 4:43 0:47
Rick Schofield 0 2 2 1 0 1 1 0 1 0 5/6 9:04 0:00 2:31
Riley Sheahan 1 2 3 2 0 4 3 0 2 0 21/40 24:57 6:16 5:36
Scott Mayfield 1 1 2 4 0 1 0 0 0 0 0/0 11:17 0:00 0:42
Tomas Tatar 1 0 1 -1 2 4 4 0 0 1 0/0 17:23 4:43 2:31
3 Stars
1 - Riley Sheahan (Ham)
2 - Marcus Foligno (Ham)
3 - Scott Mayfield (Ham)
Power Play
Influenza - 0 on 5 Attempt(s) - 0.00%
Mustangs - 2 on 7 Attempt(s) - 28.57%
Penalty Kill
Influenza - 5 on 7 Attempt(s) - 71.43%
- Score 0 goal in Penalty Kill
Mustangs - 5 on 5 Attempt(s) - 100.00%
- Score 0 goal in Penalty Kill
Team Stat
Influenza - Hits : 27 - Faceoff Wins : 26 - Blocked Shots : 12 - Penalty Minutes : 14
Mustangs - Hits : 22 - Faceoff Wins : 36 - Blocked Shots : 9 - Penalty Minutes : 10
Official
Referees : Rehman Kyle and Furlatt Eric
Linesman : Jean Morin and Dan Schachte
Game Notes
Mathieu Carle is injured at 9:32 of 2nd period (Bruised Right Leg)
Finance
Level 1 -- Attendance: 2000 (100.00%) -- Ticket Income $80,000
Level 2 -- Attendance: 1000 (100.00%) -- Ticket Income $20,000
Total Attendance: 3000 (100.00%)
Total Ticket Income: $100,000
Other Income: $5,000
Total Income: $105,000
Influenza
5 vs 5 Forward
Center Left Wing Right Wing Time % Phy DF OF
1 Mark Scheifele T.J Galiardi Jeremy Morin 40 1 1 3
2 Charlie Coyle Jimmy Vesey Beau Bennett 30 1 2 2
3 Mark Olver Lane MacDermid Garnet Hathaway 20 1 2 2
4 Jordan Schroeder Johan Larsson Iiro Pakarinen 10 1 2 2
5 vs 5 Defense
Defense Defense Time % Phy DF OF
1 Mathieu Carle Tim Erixon 40 1 2 2
2 Jeff May Matt Corrente 30 1 2 2
3 Oskars Bartulis Dmitry Sinitsyn 20 1 2 2
4 Matt Corrente Mathieu Carle 10 1 2 2
PowerPlay Forward
Center Left Wing Right Wing Time % Phy DF OF
1 Mark Scheifele T.J Galiardi Jeremy Morin 60 1 2 2
2 Charlie Coyle Jimmy Vesey Beau Bennett 40 1 2 2
PowerPlay Defense
Defense Defense Time % Phy DF OF
1 Mathieu Carle Matt Corrente 60 1 2 2
2 Tim Erixon Jeff May 40 1 2 2
Penalty Kill 4 Players Forward
Center Wing Time % Phy DF OF
1 Charlie Coyle Jeremy Morin 60 1 2 2
2 Mark Scheifele Garnet Hathaway 40 1 2 2
Penalty Kill 4 Players Defense
Defense Defense Time % Phy DF OF
1 Matt Corrente Mathieu Carle 60 1 2 2
2 Tim Erixon Jeff May 40 1 2 2
Penalty Kill - 3 Players Forward
Forward Time % Phy DF OF
1 Charlie Coyle 60 1 2 2
2 Mark Scheifele 40 1 2 2
Penalty Kill - 3 Players Defense
Defense Defense Time % Phy DF OF
1 Matt Corrente Mathieu Carle 60 1 2 2
2 Tim Erixon Jeff May 40 1 2 2
4 vs 4 Forward
Center Wing Time % Phy DF OF
1 Mark Scheifele T.J Galiardi 60 1 2 2
2 Charlie Coyle Jeremy Morin 40 1 2 2
4 vs 4 Defense
Defense Defense Time % Phy DF OF
1 Matt Corrente Mathieu Carle 60 1 2 2
2 Tim Erixon Jeff May 40 1 2 2
Last Minutes Offensive
Center Left Wing Right Wing Defense Defense
Mark Scheifele T.J Galiardi Jeremy Morin Mathieu Carle Matt Corrente
Last Minutes Defensive
Center Left Wing Right Wing Defense Defense
Mark Scheifele T.J Galiardi Jeremy Morin Mathieu Carle Matt Corrente
Goaltenders
Starting : Alex Stalock
Backup : Thomas McCollum
Extra Forwards
Normal : Garnet Hathaway, T.J Galiardi, Beau Bennett - PP : T.J Galiardi, Lane MacDermid - PK : Beau Bennett
Extra Defensemen
Normal : Matt Corrente, Tim Erixon, Jeff May - PP : Matt Corrente - PK : Tim Erixon, Jeff May
Penalty Shots
Jeremy Morin, T.J Galiardi, Beau Bennett, Mark Scheifele, Lane MacDermid
Scratches
Jacob Josefson (Healthy), Jamie Devane (Healthy), Joe Morrow (Healthy), Paul Ladue (Healthy), Fredric Larsson (Healthy)
Tom Kuhnhackl (Healthy), Rocco Grimaldi (Healthy), Ryan Sproul (Healthy), Josh Andrerson (Healthy), Jesse Graham (Healthy)
Vince Rocco (Healthy), Nikita Gusev (Healthy), Tyson Sexsmith (Healthy)
Mustangs
5 vs 5 Forward
Center Left Wing Right Wing Time % Phy DF OF
1 Riley Sheahan Marcus Foligno Josh Jooris 40 1 2 2
2 Mika Zibanejad Tomas Tatar Andrew Shaw 30 1 2 2
3 Andreas Athanasiou Joshua Leivo Jerome Samson 20 1 2 2
4 Rick Schofield Curtis Hamilton Francis Paré 10 1 2 2
5 vs 5 Defense
Defense Defense Time % Phy DF OF
1 Cameron Gaunce Derek Joslin 44 1 2 2
2 Denis Bodrov Mark Pysyk 33 1 2 2
3 Alexei Marchenko Scott Mayfield 23 1 2 2
4 Cameron Gaunce Derek Joslin 0 1 2 2
PowerPlay Forward
Center Left Wing Right Wing Time % Phy DF OF
1 Riley Sheahan Marcus Foligno Josh Jooris 60 1 2 2
2 Mika Zibanejad Tomas Tatar Andrew Shaw 40 1 2 2
PowerPlay Defense
Defense Defense Time % Phy DF OF
1 Cameron Gaunce Derek Joslin 60 1 2 2
2 Denis Bodrov Mark Pysyk 40 1 2 2
Penalty Kill 4 Players Forward
Center Wing Time % Phy DF OF
1 Riley Sheahan Marcus Foligno 60 1 2 2
2 Rick Schofield Tomas Tatar 40 1 2 2
Penalty Kill 4 Players Defense
Defense Defense Time % Phy DF OF
1 Cameron Gaunce Derek Joslin 60 1 2 2
2 Denis Bodrov Mark Pysyk 40 1 2 2
Penalty Kill - 3 Players Forward
Forward Time % Phy DF OF
1 Riley Sheahan 60 1 2 2
2 Mika Zibanejad 40 1 2 2
Penalty Kill - 3 Players Defense
Defense Defense Time % Phy DF OF
1 Cameron Gaunce Derek Joslin 60 1 2 2
2 Denis Bodrov Mark Pysyk 40 1 2 2
4 vs 4 Forward
Center Wing Time % Phy DF OF
1 Riley Sheahan Marcus Foligno 60 1 2 2
2 Mika Zibanejad Tomas Tatar 40 1 2 2
4 vs 4 Defense
Defense Defense Time % Phy DF OF
1 Cameron Gaunce Derek Joslin 60 1 2 2
2 Denis Bodrov Mark Pysyk 40 1 2 2
Last Minutes Offensive
Center Left Wing Right Wing Defense Defense
Riley Sheahan Marcus Foligno Josh Jooris Cameron Gaunce Derek Joslin
Last Minutes Defensive
Center Left Wing Right Wing Defense Defense
Riley Sheahan Marcus Foligno Josh Jooris Cameron Gaunce Derek Joslin
Goaltenders
Starting : Chet Pickard
Backup : Peter Mannino
Extra Forwards
Normal : Riley Sheahan, Mika Zibanejad, Rick Schofield - PP : Mika Zibanejad, Riley Sheahan - PK : Marcus Foligno
Extra Defensemen
Normal : Derek Joslin, Mark Pysyk, Cameron Gaunce - PP : Derek Joslin - PK : Denis Bodrov, Cameron Gaunce
Penalty Shots
Riley Sheahan, Mika Zibanejad, Andrew Shaw, Marcus Foligno, Josh Jooris
Scratches
Roman Horak (Healthy), Brady Skjei (Sore Right Knee Injury), Dominik Uher (Healthy), Joe Finley (Healthy), Eric Knodel (Healthy)
Matthew Finn (Healthy), Danny Biega (Healthy), Jim O'Brien (Healthy), Raphael Bussieres (Healthy), Sam Kurker (Healthy)
Max Gortz (Healthy), Riley Nash (Healthy), Justin Peters (Healthy), Joacim Eriksson (Healthy)
% Time on Ice - Influenza
Lines # - Real PCT - Wanted PCT - Time Play
Normal Forward
1 - 38% - 40% - 15:08
2 - 26% - 30% - 10:14
3 - 20% - 20% - 7:49
4 - 17% - 10% - 6:34
Normal Defense
1 - 43% - 40% - 17:13
2 - 27% - 30% - 10:43
3 - 21% - 20% - 8:30
4 - 8% - 10% - 3:19
PP Forward
1 - 46% - 60% - 4:04
2 - 54% - 40% - 4:50
PP Defense
1 - 69% - 60% - 6:11
2 - 31% - 40% - 2:43
PK Forward
1 - 68% - 60% - 7:21
2 - 32% - 40% - 3:26
PK Defense
1 - 81% - 60% - 8:45
2 - 19% - 40% - 2:02
PK3 Forward
1 - 100% - 60% - 0:14
2 - 0% - 40% - 0:00
PK3 Defense
1 - 100% - 60% - 0:14
2 - 0% - 40% - 0:00
44 Forward
1 - 100% - 60% - 0:20
2 - 0% - 40% - 0:00
44 Defense
1 - 100% - 60% - 0:20
2 - 0% - 40% - 0:00
Last Minute Offensive - 0:00
Last Minute Defensive - 0:00
Total
Forward - 60:00
Defense - 60:00
|
% Time on Ice - Mustangs
Lines # - Real PCT - Wanted PCT - Time Play
Normal Forward
1 - 32% - 40% - 12:55
2 - 26% - 30% - 10:10
3 - 26% - 20% - 10:18
4 - 16% - 10% - 6:22
Normal Defense
1 - 42% - 44% - 16:39
2 - 30% - 33% - 11:56
3 - 28% - 23% - 11:10
4 - 0% - 0% - 0:00
PP Forward
1 - 57% - 60% - 6:18
2 - 43% - 40% - 4:43
PP Defense
1 - 67% - 60% - 7:26
2 - 33% - 40% - 3:35
PK Forward
1 - 72% - 60% - 6:23
2 - 28% - 40% - 2:31
PK Defense
1 - 56% - 60% - 5:01
2 - 44% - 40% - 3:53
PK3 Forward
1 - 0% - 60%
2 - 0% - 40%
PK3 Defense
1 - 0% - 60%
2 - 0% - 40%
44 Forward
1 - 100% - 60% - 0:20
2 - 0% - 40% - 0:00
44 Defense
1 - 100% - 60% - 0:20
2 - 0% - 40% - 0:00
Last Minute Offensive - 0:00
Last Minute Defensive - 0:00
Total
Forward - 60:00
Defense - 60:00
|
Play by Play
1st period
0:01 of 1st period - Riley Sheahan wins face-off versus Mark Scheifele in neutral zone.
0:12 of 1st period - Slapshot by Marcus Foligno.
0:12 of 1st period - Stopped by Alex Stalock without a rebound.
0:13 of 1st period - Mika Zibanejad wins face-off versus Charlie Coyle in Influenza zone.
0:28 of 1st period - Slapshot by Tomas Tatar.
0:28 of 1st period - Stopped by Alex Stalock with a rebound.
0:38 of 1st period - Andreas Athanasiou is hit by Mark Olver and loses puck.
1:09 of 1st period - Snap shot by Mark Scheifele.
1:09 of 1st period - Stopped by Chet Pickard with a rebound.
1:26 of 1st period - Snap shot by T.J Galiardi.
1:26 of 1st period - Goal by T.J Galiardi - Influenza : 1 - Mustangs : 0.
1:27 of 1st period - Charlie Coyle wins face-off versus Mika Zibanejad in neutral zone.
1:32 of 1st period - Mark Pysyk is hit by Tim Erixon and loses puck.
1:53 of 1st period - Denis Bodrov is hit by Tim Erixon and loses puck.
2:23 of 1st period - Snap shot by Mark Scheifele.
2:23 of 1st period - Shot Misses the Net.
3:20 of 1st period - Minor Penalty to Tomas Tatar for Hooking.
3:21 of 1st period - Mark Scheifele wins face-off versus Riley Sheahan in Mustangs zone.
3:47 of 1st period - Riley Sheahan is hit by Beau Bennett and loses puck.
4:41 of 1st period - Icing by Charlie Coyle.
4:42 of 1st period - Rick Schofield wins face-off versus Charlie Coyle in Influenza zone.
5:20 of 1st period - Penalty to Tomas Tatar is over, Tomas Tatar is back on ice.
5:30 of 1st period - Minor Penalty to Lane MacDermid for Holding.
5:31 of 1st period - Riley Sheahan wins face-off versus Charlie Coyle in Influenza zone.
6:19 of 1st period - Jeremy Morin is hit by Tomas Tatar.
7:21 of 1st period - Beau Bennett is hit by Tomas Tatar and loses puck.
7:30 of 1st period - Penalty to Lane MacDermid is over, Lane MacDermid is back on ice.
7:34 of 1st period - Wrist shot by Jeremy Morin.
7:34 of 1st period - Stopped by Chet Pickard without a rebound.
7:35 of 1st period - Andreas Athanasiou wins face-off versus Mark Olver in Mustangs zone.
7:47 of 1st period - Snap shot by Jerome Samson.
7:47 of 1st period - Shot Misses the Net.
7:49 of 1st period - Wrist shot by Jerome Samson.
7:49 of 1st period - Shot Misses the Net.
7:51 of 1st period - Snap shot by Joshua Leivo.
7:51 of 1st period - Stopped by Alex Stalock without a rebound.
7:52 of 1st period - Riley Sheahan wins face-off versus Mark Scheifele in Influenza zone.
8:17 of 1st period - Joshua Leivo is hit by Matt Corrente and loses puck.
8:26 of 1st period - Snap shot by Jimmy Vesey.
8:26 of 1st period - Stopped by Chet Pickard with a rebound.
8:58 of 1st period - Snap shot by Andrew Shaw.
8:58 of 1st period - Shot Misses the Net.
9:16 of 1st period - Wrist shot by Marcus Foligno.
9:16 of 1st period - Stopped by Alex Stalock without a rebound.
9:17 of 1st period - Riley Sheahan wins face-off versus Mark Scheifele in Influenza zone.
9:18 of 1st period - Snap shot by Josh Jooris.
9:18 of 1st period - Shot Misses the Net.
9:20 of 1st period - Minor Penalty to Mathieu Carle for High sticking.
9:21 of 1st period - Riley Sheahan wins face-off versus Charlie Coyle in Influenza zone.
10:56 of 1st period - Tomas Tatar is hit by Beau Bennett and loses puck.
11:05 of 1st period - Slapshot by Beau Bennett.
11:05 of 1st period - Stopped by Chet Pickard without a rebound.
11:06 of 1st period - Charlie Coyle wins face-off versus Riley Sheahan in Mustangs zone.
11:20 of 1st period - Penalty to Mathieu Carle is over, Mathieu Carle is back on ice.
11:23 of 1st period - Wrist shot by Joshua Leivo.
11:23 of 1st period - Stopped by Alex Stalock without a rebound.
11:24 of 1st period - Andreas Athanasiou wins face-off versus Charlie Coyle in Influenza zone.
11:27 of 1st period - Slapshot by Jerome Samson.
11:27 of 1st period - Shot Misses the Net.
11:47 of 1st period - Mark Scheifele is hit by Mika Zibanejad and loses puck.
12:02 of 1st period - Tomas Tatar is hit by Jeremy Morin and loses puck.
12:15 of 1st period - Slapshot by Iiro Pakarinen.
12:15 of 1st period - Shot Misses the Net.
12:17 of 1st period - Wrist shot by Matt Corrente.
12:17 of 1st period - Goal by Matt Corrente - Influenza : 2 - Mustangs : 0.
12:18 of 1st period - Riley Sheahan wins face-off versus Mark Scheifele in neutral zone.
12:43 of 1st period - Jeff May is hit by Andrew Shaw and loses puck.
12:50 of 1st period - Wrist shot by Tomas Tatar.
12:50 of 1st period - Stopped by Alex Stalock with a rebound.
12:52 of 1st period - Snap shot by Mika Zibanejad.
12:52 of 1st period - Shot Misses the Net.
13:08 of 1st period - Wrist shot by Garnet Hathaway.
13:08 of 1st period - Deflect By Mark Olver.
13:08 of 1st period - Shot Blocked by Alexei Marchenko.
13:08 of 1st period - Puck is out of play.
13:09 of 1st period - Mark Olver wins face-off versus Riley Sheahan in Mustangs zone.
13:18 of 1st period - Wrist shot by Garnet Hathaway.
13:18 of 1st period - Deflect By Mark Olver.
13:18 of 1st period - Stopped by Chet Pickard without a rebound.
13:19 of 1st period - Mark Scheifele wins face-off versus Riley Sheahan in Mustangs zone.
13:22 of 1st period - Snap shot by Mark Scheifele.
13:22 of 1st period - Stopped by Chet Pickard with a rebound.
13:30 of 1st period - Wrist shot by T.J Galiardi.
13:30 of 1st period - Shot Blocked by Derek Joslin.
13:32 of 1st period - Slapshot by Mathieu Carle.
13:32 of 1st period - Stopped by Chet Pickard without a rebound.
13:33 of 1st period - Mark Scheifele wins face-off versus Riley Sheahan in Mustangs zone.
14:21 of 1st period - Snap shot by Joshua Leivo.
14:21 of 1st period - Shot Misses the Net.
14:23 of 1st period - Snap shot by Alexei Marchenko.
14:23 of 1st period - Stopped by Alex Stalock with a rebound.
15:04 of 1st period - Snap shot by Beau Bennett.
15:04 of 1st period - Shot Misses the Net.
15:10 of 1st period - Wrist shot by Marcus Foligno.
15:10 of 1st period - Shot Misses the Net.
15:12 of 1st period - Snap shot by Riley Sheahan.
15:12 of 1st period - Shot Misses the Net.
15:26 of 1st period - Snap shot by Jerome Samson.
15:26 of 1st period - Shot Misses the Net.
15:28 of 1st period - Snap shot by Jerome Samson.
15:28 of 1st period - Shot Blocked by Oskars Bartulis.
15:30 of 1st period - Snap shot by Mark Pysyk.
15:30 of 1st period - Shot Blocked by Oskars Bartulis.
16:13 of 1st period - Alexei Marchenko is hit by Mark Olver and loses puck.
16:29 of 1st period - Marcus Foligno is hit by Jeremy Morin.
17:22 of 1st period - Snap shot by Riley Sheahan.
17:22 of 1st period - Shot Hit the Post.
17:24 of 1st period - Snap shot by Josh Jooris.
17:24 of 1st period - Shot Hit the Post.
17:26 of 1st period - Wrist shot by Marcus Foligno.
17:26 of 1st period - Shot Misses the Net.
17:30 of 1st period - Snap shot by Josh Jooris.
17:30 of 1st period - Stopped by Alex Stalock with a rebound.
17:32 of 1st period - Snap shot by Marcus Foligno.
17:32 of 1st period - Shot Misses the Net.
17:34 of 1st period - Snap shot by Josh Jooris.
17:34 of 1st period - Goal by Josh Jooris - Influenza : 2 - Mustangs : 1.
17:35 of 1st period - Mark Scheifele wins face-off versus Mika Zibanejad in neutral zone.
17:50 of 1st period - Snap shot by Mark Scheifele.
17:50 of 1st period - Shot Hit the Post.
18:24 of 1st period - Slapshot by Matt Corrente.
18:24 of 1st period - Stopped by Chet Pickard with a rebound.
18:26 of 1st period - Snap shot by Lane MacDermid.
18:26 of 1st period - Shot Misses the Net.
18:28 of 1st period - Slapshot by Jeff May.
18:28 of 1st period - Deflect By Mark Olver.
18:28 of 1st period - Shot Misses the Net.
18:28 of 1st period - Puck is out of play.
18:29 of 1st period - Mark Scheifele wins face-off versus Mika Zibanejad in Mustangs zone.
18:37 of 1st period - Minor Penalty to Andrew Shaw for Hooking.
18:38 of 1st period - Mark Scheifele wins face-off versus Riley Sheahan in Mustangs zone.
19:04 of 1st period - Riley Sheahan is hit by Mathieu Carle and loses puck.
19:33 of 1st period - Tim Erixon is hit by Derek Joslin and loses puck.
19:40 of 1st period - Cameron Gaunce is hit by Mark Scheifele and loses puck.
Goals for this period are 2 for Influenza vs 1 for Mustangs.
Shots for this period are 10 for Influenza vs 9 for Mustangs.
2nd period
0:01 of 2nd period - Riley Sheahan wins face-off versus Jeremy Morin in neutral zone.
0:14 of 2nd period - Wrist shot by Marcus Foligno.
0:14 of 2nd period - Deflect By Riley Sheahan.
0:14 of 2nd period - Shot Misses the Net.
0:14 of 2nd period - Puck is out of play.
0:15 of 2nd period - Riley Sheahan wins face-off versus Mark Scheifele in Influenza zone.
0:16 of 2nd period - Slapshot by Marcus Foligno.
0:16 of 2nd period - Shot Blocked by Matt Corrente.
0:37 of 2nd period - Penalty to Andrew Shaw is over, Andrew Shaw is back on ice.
1:13 of 2nd period - Mark Scheifele is hit by Andrew Shaw.
1:31 of 2nd period - Snap shot by Jeremy Morin.
1:31 of 2nd period - Stopped by Chet Pickard without a rebound.
1:32 of 2nd period - Andreas Athanasiou wins face-off versus Charlie Coyle in Mustangs zone.
1:39 of 2nd period - Wrist shot by Jimmy Vesey.
1:39 of 2nd period - Shot Misses the Net.
2:06 of 2nd period - Slapshot by Mark Pysyk.
2:06 of 2nd period - Stopped by Alex Stalock with a rebound.
2:08 of 2nd period - Wrist shot by Rick Schofield.
2:08 of 2nd period - Stopped by Alex Stalock without a rebound.
2:09 of 2nd period - Rick Schofield wins face-off versus Charlie Coyle in Influenza zone.
2:10 of 2nd period - Wrist shot by Francis Paré.
2:10 of 2nd period - Stopped by Alex Stalock without a rebound.
2:11 of 2nd period - Rick Schofield wins face-off versus Charlie Coyle in Influenza zone.
2:22 of 2nd period - Snap shot by Francis Paré.
2:22 of 2nd period - Goal by Francis Paré - Influenza : 2 - Mustangs : 2.
2:23 of 2nd period - Riley Sheahan wins face-off versus Mark Scheifele in neutral zone.
2:26 of 2nd period - Slapshot by Marcus Foligno.
2:26 of 2nd period - Stopped by Alex Stalock with a rebound.
2:30 of 2nd period - Snap shot by Riley Sheahan.
2:30 of 2nd period - Deflect By T.J Galiardi.
2:30 of 2nd period - Shot Misses the Net.
2:30 of 2nd period - Puck is out of play.
2:31 of 2nd period - Riley Sheahan wins face-off versus T.J Galiardi in Influenza zone.
2:44 of 2nd period - Snap shot by Josh Jooris.
2:44 of 2nd period - Stopped by Alex Stalock with a rebound.
2:46 of 2nd period - Snap shot by Marcus Foligno.
2:46 of 2nd period - Shot Misses the Net.
2:52 of 2nd period - Minor Penalty to Mark Scheifele for High sticking.
2:53 of 2nd period - Charlie Coyle wins face-off versus Riley Sheahan in Influenza zone.
2:53 of 2nd period - Charlie Coyle is hit by Cameron Gaunce.
3:52 of 2nd period - Icing by Mark Pysyk.
3:53 of 2nd period - Charlie Coyle wins face-off versus Mika Zibanejad in Mustangs zone.
4:52 of 2nd period - Penalty to Mark Scheifele is over, Mark Scheifele is back on ice.
5:10 of 2nd period - Slapshot by Derek Joslin.
5:10 of 2nd period - Stopped by Alex Stalock without a rebound.
5:11 of 2nd period - Mika Zibanejad wins face-off versus Mark Olver in Influenza zone.
5:29 of 2nd period - Matt Corrente is hit by Mark Pysyk and loses puck.
5:44 of 2nd period - Francis Paré is hit by Mathieu Carle.
5:52 of 2nd period - Snap shot by Mark Olver.
5:52 of 2nd period - Shot Misses the Net.
6:10 of 2nd period - Slapshot by Matt Corrente.
6:10 of 2nd period - Stopped by Chet Pickard without a rebound.
6:11 of 2nd period - Andreas Athanasiou wins face-off versus Mark Scheifele in Mustangs zone.
6:11 of 2nd period - Andreas Athanasiou is hit by Mark Scheifele.
6:35 of 2nd period - Andreas Athanasiou is hit by Mark Scheifele and loses puck.
6:40 of 2nd period - Wrist shot by T.J Galiardi.
6:40 of 2nd period - Shot Misses the Net.
6:46 of 2nd period - Wrist shot by Joshua Leivo.
6:46 of 2nd period - Stopped by Alex Stalock with a rebound.
6:48 of 2nd period - Snap shot by Scott Mayfield.
6:48 of 2nd period - Deflect By Tim Erixon.
6:48 of 2nd period - Goal by Scott Mayfield - Influenza : 2 - Mustangs : 3.
6:49 of 2nd period - Charlie Coyle wins face-off versus Josh Jooris in neutral zone.
6:56 of 2nd period - Slapshot by Beau Bennett.
6:56 of 2nd period - Shot Blocked by Derek Joslin.
6:58 of 2nd period - Snap shot by Jimmy Vesey.
6:58 of 2nd period - Shot Blocked by Derek Joslin.
7:00 of 2nd period - Snap shot by Jimmy Vesey.
7:00 of 2nd period - Stopped by Chet Pickard without a rebound.
7:01 of 2nd period - Mark Scheifele wins face-off versus Riley Sheahan in Mustangs zone.
7:14 of 2nd period - Snap shot by T.J Galiardi.
7:14 of 2nd period - Stopped by Chet Pickard with a rebound.
7:16 of 2nd period - Minor Penalty to Josh Jooris for Hooking.
7:17 of 2nd period - Riley Sheahan wins face-off versus T.J Galiardi in Mustangs zone.
7:30 of 2nd period - Backhand shot by T.J Galiardi.
7:30 of 2nd period - Stopped by Chet Pickard with a rebound.
7:32 of 2nd period - Slapshot by Matt Corrente.
7:32 of 2nd period - Deflect By Mark Scheifele.
7:32 of 2nd period - Deflect By Cameron Gaunce.
7:32 of 2nd period - Shot Blocked by Marcus Foligno.
7:32 of 2nd period - Puck is out of play.
7:33 of 2nd period - Mark Scheifele wins face-off versus Riley Sheahan in Mustangs zone.
7:34 of 2nd period - Slapshot by Jeremy Morin.
7:34 of 2nd period - Shot Blocked by Cameron Gaunce.
7:57 of 2nd period - Cameron Gaunce is hit by Charlie Coyle and loses puck.
8:02 of 2nd period - Snap shot by Jimmy Vesey.
8:02 of 2nd period - Shot Blocked by Cameron Gaunce.
8:04 of 2nd period - Snap shot by Beau Bennett.
8:04 of 2nd period - Deflect By Jimmy Vesey.
8:04 of 2nd period - Stopped by Chet Pickard with a rebound.
8:06 of 2nd period - Slapshot by Jeff May.
8:06 of 2nd period - Shot Misses the Net.
8:55 of 2nd period - Minor Penalty to T.J Galiardi for Elbowing.
8:56 of 2nd period - Riley Sheahan wins face-off versus Mark Scheifele in Influenza zone.
9:14 of 2nd period - Icing by Mark Scheifele.
9:15 of 2nd period - Riley Sheahan wins face-off versus Mark Scheifele in Influenza zone.
9:16 of 2nd period - Penalty to Josh Jooris is over, Josh Jooris is back on ice.
9:18 of 2nd period - Snap shot by Riley Sheahan.
9:18 of 2nd period - Shot Misses the Net.
9:30 of 2nd period - Slapshot by Derek Joslin.
9:30 of 2nd period - Shot Hit the Post.
9:32 of 2nd period - Slapshot by Riley Sheahan.
9:32 of 2nd period - Shot Blocked by Mathieu Carle.
9:32 of 2nd period - Mathieu Carle from Influenza is injured at 9:32 of 2nd period (Bruised Right Leg).
9:33 of 2nd period - Charlie Coyle wins face-off versus Riley Sheahan in Influenza zone.
9:33 of 2nd period - Charlie Coyle is hit by Riley Sheahan.
10:04 of 2nd period - Wrist shot by Riley Sheahan.
10:04 of 2nd period - Stopped by Alex Stalock without a rebound.
10:05 of 2nd period - Mika Zibanejad wins face-off versus Mark Scheifele in Influenza zone.
10:16 of 2nd period - Tomas Tatar is hit by Matt Corrente and loses puck.
10:31 of 2nd period - Mika Zibanejad is hit by Matt Corrente and loses puck.
10:55 of 2nd period - Penalty to T.J Galiardi is over, T.J Galiardi is back on ice.
11:18 of 2nd period - Jeremy Morin is hit by Rick Schofield and loses puck.
11:29 of 2nd period - Wrist shot by Charlie Coyle.
11:29 of 2nd period - Shot Misses the Net.
11:41 of 2nd period - Slapshot by T.J Galiardi.
11:41 of 2nd period - Stopped by Chet Pickard without a rebound.
11:42 of 2nd period - Mark Olver wins face-off versus Riley Sheahan in Mustangs zone.
11:47 of 2nd period - Slapshot by Garnet Hathaway.
11:47 of 2nd period - Shot Misses the Net.
12:08 of 2nd period - Dmitry Sinitsyn is hit by Tomas Tatar and loses puck.
12:35 of 2nd period - Slapshot by Rick Schofield.
12:35 of 2nd period - Shot Misses the Net.
12:37 of 2nd period - Snap shot by Rick Schofield.
12:37 of 2nd period - Shot Misses the Net.
12:39 of 2nd period - Wrist shot by Francis Paré.
12:39 of 2nd period - Deflect By Beau Bennett.
12:39 of 2nd period - Shot Blocked by Beau Bennett.
12:39 of 2nd period - Puck is out of play.
12:40 of 2nd period - Rick Schofield wins face-off versus Jordan Schroeder in Influenza zone.
12:41 of 2nd period - Backhand shot by Derek Joslin.
12:41 of 2nd period - Stopped by Alex Stalock with a rebound.
12:43 of 2nd period - Wrist shot by Derek Joslin.
12:43 of 2nd period - Stopped by Alex Stalock without a rebound.
12:44 of 2nd period - Jordan Schroeder wins face-off versus Riley Sheahan in Influenza zone.
12:49 of 2nd period - Derek Joslin is hit by Matt Corrente.
12:59 of 2nd period - Cameron Gaunce is hit by Tim Erixon and loses puck.
13:06 of 2nd period - Tim Erixon is hit by Marcus Foligno.
13:39 of 2nd period - Tim Erixon is hit by Andrew Shaw and loses puck.
13:48 of 2nd period - Wrist shot by Mark Scheifele.
13:48 of 2nd period - Deflect By T.J Galiardi.
13:48 of 2nd period - Shot Misses the Net.
13:48 of 2nd period - Puck is out of play.
13:49 of 2nd period - Charlie Coyle wins face-off versus Riley Sheahan in Mustangs zone.
13:56 of 2nd period - Wrist shot by Beau Bennett.
13:56 of 2nd period - Shot Misses the Net.
13:58 of 2nd period - Slapshot by Oskars Bartulis.
13:58 of 2nd period - Shot Blocked by Denis Bodrov.
14:00 of 2nd period - Snap shot by Charlie Coyle.
14:00 of 2nd period - Shot Misses the Net.
14:02 of 2nd period - Slapshot by Dmitry Sinitsyn.
14:02 of 2nd period - Stopped by Chet Pickard with a rebound.
14:04 of 2nd period - Wrist shot by Jimmy Vesey.
14:04 of 2nd period - Shot Misses the Net.
14:20 of 2nd period - Backhand shot by Andrew Shaw.
14:20 of 2nd period - Shot Misses the Net.
14:24 of 2nd period - Snap shot by Andrew Shaw.
14:24 of 2nd period - Shot Misses the Net.
16:06 of 2nd period - Andrew Shaw is hit by Tim Erixon and loses puck.
16:36 of 2nd period - Snap shot by Tomas Tatar.
16:36 of 2nd period - Shot Misses the Net.
16:38 of 2nd period - Slapshot by Derek Joslin.
16:38 of 2nd period - Shot Blocked by Tim Erixon.
16:40 of 2nd period - Snap shot by Mika Zibanejad.
16:40 of 2nd period - Stopped by Alex Stalock with a rebound.
17:04 of 2nd period - Tim Erixon is hit by Tomas Tatar and loses puck.
17:19 of 2nd period - Snap shot by Tomas Tatar.
17:19 of 2nd period - Shot Misses the Net.
17:38 of 2nd period - Oskars Bartulis is hit by Mark Pysyk and loses puck.
17:53 of 2nd period - Snap shot by Tomas Tatar.
17:53 of 2nd period - Shot Blocked by Jimmy Vesey.
17:55 of 2nd period - Slapshot by Derek Joslin.
17:55 of 2nd period - Shot Blocked by Oskars Bartulis.
17:58 of 2nd period - Icing by Tim Erixon.
17:59 of 2nd period - Beau Bennett wins face-off versus Riley Sheahan in Influenza zone.
18:08 of 2nd period - Tim Erixon is hit by Riley Sheahan and loses puck.
18:35 of 2nd period - Tim Erixon is hit by Derek Joslin and loses puck.
19:21 of 2nd period - Icing by Iiro Pakarinen.
19:22 of 2nd period - Jeremy Morin wins face-off versus Andreas Athanasiou in Influenza zone.
19:45 of 2nd period - Lane MacDermid is hit by Riley Sheahan and loses puck.
Goals for this period are 0 for Influenza vs 2 for Mustangs.
Shots for this period are 8 for Influenza vs 13 for Mustangs.
3rd period
0:01 of 3rd period - Riley Sheahan wins face-off versus Mark Scheifele in neutral zone.
0:11 of 3rd period - Snap shot by Marcus Foligno.
0:11 of 3rd period - Stopped by Alex Stalock with a rebound.
0:13 of 3rd period - Slapshot by Derek Joslin.
0:13 of 3rd period - Deflect By Tim Erixon.
0:13 of 3rd period - Stopped by Alex Stalock with a rebound.
0:15 of 3rd period - Wrist shot by Marcus Foligno.
0:15 of 3rd period - Shot Misses the Net.
1:17 of 3rd period - Slapshot by Josh Jooris.
1:17 of 3rd period - Stopped by Alex Stalock with a rebound.
1:19 of 3rd period - Wrist shot by Marcus Foligno.
1:19 of 3rd period - Goal by Marcus Foligno - Influenza : 2 - Mustangs : 4.
1:20 of 3rd period - Riley Sheahan wins face-off versus Mark Scheifele in neutral zone.
1:23 of 3rd period - Slapshot by Cameron Gaunce.
1:23 of 3rd period - Shot Blocked by Jeremy Morin.
1:25 of 3rd period - Slapshot by Derek Joslin.
1:25 of 3rd period - Stopped by Alex Stalock with a rebound.
1:27 of 3rd period - Snap shot by Riley Sheahan.
1:27 of 3rd period - Shot Misses the Net.
1:29 of 3rd period - Snap shot by Marcus Foligno.
1:29 of 3rd period - Shot Misses the Net.
2:09 of 3rd period - Slapshot by Derek Joslin.
2:09 of 3rd period - Stopped by Alex Stalock with a rebound.
2:15 of 3rd period - Slapshot by Cameron Gaunce.
2:15 of 3rd period - Stopped by Alex Stalock with a rebound.
2:17 of 3rd period - Slapshot by Derek Joslin.
2:17 of 3rd period - Deflect By Andreas Athanasiou.
2:17 of 3rd period - Deflect By Mark Olver.
2:17 of 3rd period - Shot Misses the Net.
2:17 of 3rd period - Puck is out of play.
2:18 of 3rd period - Riley Sheahan wins face-off versus Jeremy Morin in Influenza zone.
2:33 of 3rd period - Wrist shot by Marcus Foligno.
2:33 of 3rd period - Shot Blocked by Tim Erixon.
4:03 of 3rd period - Minor Penalty to Dmitry Sinitsyn for Roughing.
4:04 of 3rd period - Riley Sheahan wins face-off versus Charlie Coyle in Influenza zone.
4:36 of 3rd period - Minor Penalty to Matt Corrente for High sticking.
4:37 of 3rd period - Riley Sheahan wins face-off versus Charlie Coyle in Influenza zone.
4:50 of 3rd period - Snap shot by Riley Sheahan.
4:50 of 3rd period - Goal by Riley Sheahan - Influenza : 2 - Mustangs : 5.
4:51 of 3rd period - Charlie Coyle wins face-off versus Riley Sheahan in neutral zone.
5:25 of 3rd period - Off-side.
5:26 of 3rd period - Mika Zibanejad wins face-off versus Mark Scheifele in neutral zone.
5:29 of 3rd period - Slapshot by Denis Bodrov.
5:29 of 3rd period - Deflect By Tomas Tatar.
5:29 of 3rd period - Goal by Tomas Tatar - Influenza : 2 - Mustangs : 6.
5:30 of 3rd period - Riley Sheahan wins face-off versus Mark Scheifele in neutral zone.
5:34 of 3rd period - Off-side.
5:35 of 3rd period - Mark Scheifele wins face-off versus Riley Sheahan in neutral zone.
5:40 of 3rd period - Wrist shot by Mark Scheifele.
5:40 of 3rd period - Shot Misses the Net.
6:46 of 3rd period - Snap shot by Cameron Gaunce.
6:46 of 3rd period - Shot Blocked by Jeremy Morin.
7:40 of 3rd period - Slapshot by Derek Joslin.
7:40 of 3rd period - Stopped by Alex Stalock with a rebound.
8:10 of 3rd period - Wrist shot by Mark Scheifele.
8:10 of 3rd period - Stopped by Chet Pickard with a rebound.
8:12 of 3rd period - Snap shot by T.J Galiardi.
8:12 of 3rd period - Stopped by Chet Pickard with a rebound.
8:17 of 3rd period - Minor Penalty to Andreas Athanasiou for Hooking.
8:18 of 3rd period - Charlie Coyle wins face-off versus Riley Sheahan in Mustangs zone.
8:32 of 3rd period - Snap shot by Beau Bennett.
8:32 of 3rd period - Shot Misses the Net.
8:34 of 3rd period - Slapshot by Oskars Bartulis.
8:34 of 3rd period - Shot Blocked by Mark Pysyk.
9:06 of 3rd period - Denis Bodrov is hit by Johan Larsson and loses puck.
10:17 of 3rd period - Penalty to Andreas Athanasiou is over, Andreas Athanasiou is back on ice.
10:22 of 3rd period - Icing by Mika Zibanejad.
10:23 of 3rd period - Rick Schofield wins face-off versus Mark Olver in Mustangs zone.
10:30 of 3rd period - Andrew Shaw is hit by Oskars Bartulis and loses puck.
10:37 of 3rd period - Snap shot by Mark Olver.
10:37 of 3rd period - Shot Misses the Net.
10:51 of 3rd period - Wrist shot by Riley Sheahan.
10:51 of 3rd period - Stopped by Alex Stalock with a rebound.
11:15 of 3rd period - Riley Sheahan is hit by Garnet Hathaway and loses puck.
13:26 of 3rd period - Derek Joslin is hit by Beau Bennett and loses puck.
13:57 of 3rd period - Jordan Schroeder is hit by Curtis Hamilton and loses puck.
14:05 of 3rd period - Icing by Johan Larsson.
14:06 of 3rd period - Charlie Coyle wins face-off versus Riley Sheahan in Influenza zone.
14:50 of 3rd period - Scott Mayfield is hit by Matt Corrente.
15:03 of 3rd period - Minor Penalty to Mark Olver for High sticking.
15:04 of 3rd period - Josh Jooris wins face-off versus Charlie Coyle in Influenza zone.
15:16 of 3rd period - Backhand shot by Marcus Foligno.
15:16 of 3rd period - Shot Blocked by Jeremy Morin.
16:48 of 3rd period - Tomas Tatar is hit by Mark Scheifele and loses puck.
17:03 of 3rd period - Penalty to Mark Olver is over, Mark Olver is back on ice.
17:07 of 3rd period - Mark Olver is hit by Mark Pysyk and loses puck.
17:14 of 3rd period - Snap shot by Jerome Samson.
17:14 of 3rd period - Stopped by Alex Stalock with a rebound.
17:16 of 3rd period - Wrist shot by Andreas Athanasiou.
17:16 of 3rd period - Stopped by Alex Stalock without a rebound.
17:17 of 3rd period - Jordan Schroeder wins face-off versus Rick Schofield in Influenza zone.
17:30 of 3rd period - Snap shot by Francis Paré.
17:30 of 3rd period - Goal by Francis Paré - Influenza : 2 - Mustangs : 7.
17:31 of 3rd period - Riley Sheahan wins face-off versus Mark Scheifele in neutral zone.
17:36 of 3rd period - Snap shot by Riley Sheahan.
17:36 of 3rd period - Stopped by Alex Stalock without a rebound.
17:37 of 3rd period - Marcus Foligno wins face-off versus Mark Scheifele in Influenza zone.
18:06 of 3rd period - Tim Erixon is hit by Cameron Gaunce and loses puck.
18:24 of 3rd period - Tim Erixon is hit by Mark Pysyk and loses puck.
18:41 of 3rd period - Minor Penalty to Andrew Shaw for Hooking.
18:42 of 3rd period - Charlie Coyle wins face-off versus Riley Sheahan in Mustangs zone.
18:43 of 3rd period - Slapshot by Beau Bennett.
18:43 of 3rd period - Stopped by Chet Pickard with a rebound.
18:45 of 3rd period - Slapshot by Matt Corrente.
18:45 of 3rd period - Shot Misses the Net.
18:47 of 3rd period - Slapshot by Jeff May.
18:47 of 3rd period - Deflect By Charlie Coyle.
18:47 of 3rd period - Stopped by Chet Pickard without a rebound.
18:48 of 3rd period - Riley Sheahan wins face-off versus Charlie Coyle in Mustangs zone.
18:48 of 3rd period - Riley Sheahan is hit by Charlie Coyle.
19:22 of 3rd period - Slapshot by Derek Joslin.
19:22 of 3rd period - Deflect By Tomas Tatar.
19:22 of 3rd period - Stopped by Alex Stalock with a rebound.
Goals for this period are 0 for Influenza vs 4 for Mustangs.
Shots for this period are 4 for Influenza vs 16 for Mustangs.
Back to the Top